 Dungeon Crawl Stone Soup version 0.22-a0-247-gbddf880 (webtiles) character file.

13781 MatthieuS the Thaumaturge (level 11, -17/67 HPs)
             Began as a Deep Elf Fire Elementalist on Feb 26, 2018.
             Was a Priest of Vehumet.
             Killed from afar by an ice dragon (40 damage)
             ... with a blast of cold
             ... on level 11 of the Dungeon.
             The game lasted 00:40:54 (10451 turns).

MatthieuS the Thaumaturge (DEFE)                   Turns: 10451, Time: 00:40:54

Health: -17/67     AC:  9    Str:  6 (8)  XL:     11   Next: 80%
Magic:  3/28       EV: 26    Int: 21 (23) God:    Vehumet [***...]
Gold:   193        SH:  0    Dex: 19 (22) Spells: 6/32 levels left

rFire    + . .     SeeInvis .   e - staff of energy
rCold    . . .     Gourm    .   (no shield)
rNeg     + . .     Faith    .   n - +2 robe {rN+}
rPois    +         Spirit   .   s - +1 hat
rElec    .         Reflect  .   (no cloak)
rCorr    .         Harm     .   q - +0 pair of gloves
MR       +....                  (no boots)
Stlth    ++++......             p - amulet of magic regeneration
HPRegen  0.61/turn              y - ring of protection from fire
MPRegen  0.46/turn              i - +3 ring of protection

@: agile
A: thin skeletal structure 1, poison resistance, regeneration 1, strong 1
a: Renounce Religion


You were on level 11 of the Dungeon.
You worshipped Vehumet.
Vehumet was most pleased with you.
You were not hungry.

You visited 2 branches of the dungeon, and saw 12 of its levels.

You collected 341 gold pieces.
You spent 148 gold pieces at shops.

Inventory:

Hand Weapons
 a - a +1 dagger of venom
 w - a +0 hunting sling
Missiles
 d - 93 sling bullets
 f - 239 stones (quivered)
 m - 2 throwing nets
Armour
 n - a +2 robe of positive energy (worn)
 q - a +0 pair of gloves (worn)
 s - a +1 hat (worn)
Magical Staves
 e - an uncursed staff of energy (weapon)
Jewellery
 i - a +3 ring of protection (right hand)
 p - an amulet of magic regeneration (around neck)
 y - a ring of protection from fire (left hand)
Wands
 c - a wand of scattershot (5)
 o - a wand of acid (5)
 t - a wand of random effects (24)
 B - a wand of paralysis (32)
 D - a wand of iceblast (9)
Scrolls
 z - a scroll of remove curse
 A - a scroll of amnesia
Potions
 g - a potion of curing
 l - a potion of might
 u - a potion of berserk rage {unknown}
 v - a potion of resistance {unknown}
 x - a potion of heal wounds {unknown}
Miscellaneous
 E - a phial of floods
Comestibles
 b - 20 rations
 h - 7 chunks of flesh


   Skills:
 + Level 7.0 Fighting
 + Level 2.2 Armour
 + Level 10.4 Dodging
 - Level 2.4 Stealth
 + Level 11.4 Spellcasting
 + Level 9.4 Conjurations
 + Level 9.9 Fire Magic


You had 6 spell levels left.
You knew the following spells:

 Your Spells              Type           Power        Failure   Level  Hunger
a - Flame Tongue          Conj/Fire      #####        1%          1    None
b - Throw Flame           Conj/Fire      ######       1%          2    None
c - Conjure Flame         Conj/Fire      ######..     1%          3    None
d - Inner Flame           Hex/Fire       ####....     1%          3    None
e - Sticky Flame          Conj/Fire      ######..     1%          4    None
f - Fireball              Conj/Fire      ######....   1%          5    None
g - Dazzling Spray        Conj/Hex       ####..       1%          3    None
h - Slow                  Hex            ##......     9%          2    None
i - Stone Arrow           Conj/Erth      ####..       1%          3    None


Dungeon Overview and Level Annotations

Branches:
Dungeon (10/15)            Temple (0/1) D:6            Lair (1/6) D:8
    Orc (0/2) D:9

Altars:
Cheibriados
Dithmenos
Okawaru
Qazlal
Ru
Sif Muna
Uskayaw
Vehumet
Xom
Zin

Shops:
D:5 %[=![

Portals:
Ice
Cave: D:11

Annotations:
Lair:1 Joseph


Innate Abilities, Weirdness & Mutations

You have a somewhat thin skeletal structure. (Dex +2, Stealth)
Your system is resistant to poisons. (rPois)
Your natural rate of healing is unusually fast.
Your muscles are strong. (Str +2)


Message History

The ice dragon burns!
The ice dragon burns!
The ice dragon completely misses you. The ice dragon claws you!
The ice dragon completely misses you.
It was a potion of degeneration.
There was something very wrong with that liquid.
You feel weakened.
You feel dopey.
You feel clumsy.
The ice dragon burns!
The ice dragon bites you! The ice dragon claws you.
The ice dragon barely misses you.
It was a potion of mutation.
You feel extremely strange.
You feel stronger.
Your bones become slightly less dense.
You feel resistant to poisons.
You begin to heal more quickly.
The ice dragon burns!
The ice dragon bites you.
The ice dragon claws you but does no damage.
The ice dragon completely misses you.
The ice dragon burns!
The ice dragon burns!
The ice dragon breathes frost at you. The blast of cold hits you!
Ouch! That really hurt!
You die...

################
................
................
###+#####'########
.................
####......######
#.@#####
########....####
.........Dh.##h#
..########'##†#..YDhh∩
..........####.#...
..)......## #
+##..##### ###


You could see an ice dragon (burning) and a polar bear.

Vanquished Creatures
  A hydra (D:11)
  Harold (Lair:1)
  3 two-headed ogres (D:8)
  The ghost of Robby the Covered, a novice GrFi (D:8)
  Pikel (D:8)
  A deep elf mage (D:9)
  A black mamba (Lair:1)
  4 polar bears
  A hornet (D:9)
  3 hippogriffs
  2 dream sheep (D:8)
  Sigmund (D:4)
  A spriggan (D:7)
  Eustachio (D:4)
  19 yaks
  A hungry ghost (D:8)
  A water moccasin (D:9)
  Duvessa (D:5)
  A porcupine (Lair:1)
  An orc warrior (D:8)
  An eye of draining (D:9)
  A phantom (D:7)
  2 ogres (D:6)
  7 black bears (D:8)
  2 sky beasts
  4 centaurs
  A wolf (D:11)
  A big kobold (D:8)
  Blork the orc (D:9)
  4 bullfrogs
  Dowan (D:5)
  11 killer bees
  A howler monkey (D:5)
  The ghost of Partyfoot the Conjurer, a weakling DrCj of Vehumet (D:3)
  A crimson imp (D:8)
  3 orc priests (D:5)
  4 hounds
  2 jellies
  Ijyb (D:4)
  A bullfrog skeleton (D:8)
  2 iguanas
  4 orc wizards
  6 worker ants
  2 worker ant zombies
  3 gnolls (D:6)
  4 adders
  A howler monkey skeleton (D:6)
  A shadow imp (D:7)
  An ooze (D:1)
  An adder skeleton (D:3)
  4 worms
  6 leopard geckos
  23 orcs
  7 giant cockroaches
  15 goblins
  6 hobgoblins
  5 jackals
  5 quokkas
  A ball python (D:4)
  A ball python skeleton (D:5)
  6 bats
  4 frilled lizards
  A jackal skeleton (D:4)
  10 kobolds
  A quokka skeleton (D:4)
  10 rats
226 creatures vanquished.

Vanquished Creatures (others)
  4 slaves (D:8)
  An orc wizard (D:8)
  2 orcs (D:8)
  A kobold (D:8)
  2 fungi (Lair:1)
10 creatures vanquished.

Grand Total: 236 creatures vanquished

Notes
Turn   | Place    | Note
-------+----------+-------------------------------------------
     0 | D:1      | MatthieuS the Deep Elf Fire Elementalist began the quest for the Orb.
     0 | D:1      | Reached XP level 1. HP: 10/10 MP: 6/6
   160 | D:1      | Reached XP level 2. HP: 16/16 MP: 4/8
   246 | D:1      | Learned a level 2 spell: Throw Flame
   485 | D:1      | Reached XP level 3. HP: 18/20 MP: 2/9
  1012 | D:2      | Learned a level 3 spell: Conjure Flame
  1409 | D:2      | Reached skill level 1 in Fighting
  2077 | D:3      | Found a shadowy altar of Dithmenos.
  2095 | D:3      | Reached XP level 4. HP: 25/25 MP: 4/11
  2195 | D:3      | Found a shimmering altar of Xom.
  2329 | D:3      | Learned a level 3 spell: Inner Flame
  2565 | D:3      | Noticed Partyfoot's ghost (weakling DrCj)
  2576 | D:3      | Killed Partyfoot's ghost
  2576 | D:3      | Reached skill level 4 in Spellcasting
  2729 | D:3      | Found a shimmering altar of Xom.
  2729 | D:3      | Found a shimmering altar of Xom.
  2730 | D:3      | Found a shimmering altar of Xom.
  2804 | D:4      | Noticed Sigmund
  2826 | D:4      | Killed Sigmund
  2826 | D:4      | Reached XP level 5. HP: 21/30 MP: 1/13
  2826 | D:4      | Reached XP level 6. HP: 24/35 MP: 1/14
  3137 | D:4      | Noticed Eustachio
  3151 | D:4      | Killed Eustachio
  3151 | D:4      | Reached skill level 5 in Spellcasting
  3445 | D:4      | Reached XP level 7. HP: 34/40 MP: 12/16
  3664 | D:4      | Noticed Ijyb
  3670 | D:4      | Killed Ijyb
  3948 | D:5      | Entered Level 5 of the Dungeon
  4019 | D:5      | Reached skill level 5 in Fire Magic
  4255 | D:4      | Reached skill level 5 in Dodging
  4323 | D:5      | Found Caujeg's Jewellery Emporium.
  4387 | D:5      | Learned a level 4 spell: Sticky Flame
  4474 | D:5      | Found Zooreme's Food Emporium.
  4483 | D:5      | Found a sacrificial altar of Ru.
  4642 | D:5      | Noticed Duvessa
  4643 | D:5      | Noticed Dowan
  4657 | D:5      | Reached skill level 6 in Spellcasting
  4671 | D:5      | Killed Dowan
  4832 | D:5      | Reached XP level 8. HP: 37/46 MP: 12/19
  4880 | D:5      | Found Xashesel's Antique Armour Shop.
  4939 | D:5      | Found Xenun's Distillery.
  4978 | D:5      | Found Untin's Antique Armour Emporium.
  5181 | D:5      | Found a stormy altar of Qazlal.
  5230 | D:5      | Killed Duvessa
  5230 | D:5      | Reached skill level 5 in Conjurations
  5664 | D:6      | Found a radiant altar of Vehumet.
  5676 | D:6      | Became a worshipper of Vehumet
  5718 | D:6      | Learned a level 5 spell: Fireball
  5800 | D:6      | Reached skill level 7 in Spellcasting
  6458 | D:6      | Found a staircase to the Ecumenical Temple.
  6615 | D:7      | Learned a level 3 spell: Dazzling Spray
  6637 | D:7      | Reached XP level 9. HP: 45/52 MP: 13/22
  6708 | D:7      | Learned a level 2 spell: Slow
  6720 | D:7      | Reached * piety under Vehumet
  6720 | D:7      | Offered knowledge of Shock by Vehumet.
  7017 | D:7      | Found a glowing silver altar of Zin.
  7049 | D:7      | Found a snail-covered altar of Cheibriados.
  7254 | D:8      | Noticed Robby's ghost (novice GrFi)
  7276 | D:8      | Killed Robby's ghost
  7276 | D:8      | Reached skill level 8 in Spellcasting
  7283 | D:8      | Noticed Pikel
  7297 | D:8      | Killed Pikel
  7297 | D:8      | Reached skill level 5 in Fighting
  7388 | D:8      | Noticed a two-headed ogre
  7398 | D:8      | Killed a two-headed ogre
  7398 | D:8      | Reached skill level 9 in Spellcasting
  7398 | D:8      | Reached XP level 10. HP: 59/59 MP: 10/25
  7450 | D:8      | Found a shimmering altar of Xom.
  7453 | D:8      | Paralysed by a crimson imp for 6 turns
  7530 | D:8      | Noticed a two-headed ogre
  7542 | D:8      | Killed a two-headed ogre
  7542 | D:8      | Offered knowledge of Sting by Vehumet.
  7554 | D:8      | Found a staircase to the Lair.
  7586 | D:8      | Found a huge runed gate.
  7587 | D:8      | Found a huge runed gate.
  7588 | D:8      | Found a huge runed gate.
  7589 | D:8      | Found a huge runed gate.
  7590 | D:8      | Noticed a death yak
  7592 | D:8      | Reached ** piety under Vehumet
  7609 | D:8      | Noticed a two-headed ogre
  7619 | D:8      | Killed a two-headed ogre
  7942 | D:8      | Reached skill level 10 in Spellcasting
  8183 | Lair:1   | Entered Level 1 of the Lair of Beasts
  8183 | Lair:1   | Noticed Harold
  8198 | Lair:1   | Noticed Joseph
  8202 | Lair:1   | Killed Harold
  8202 | Lair:1   | Reached XP level 11. HP: 12/64 MP: 5/27
  9052 | D:5      | Bought a thick robe for 148 gold pieces
  9062 | D:5      | Identified the +1 robe "Kuodod" {Dex+3} (You bought it in a shop on level 5 of the Dungeon)
  9254 | D:9      | Offered knowledge of Stone Arrow by Vehumet.
  9282 | D:9      | Learned a level 3 spell: Stone Arrow
  9384 | D:9      | Found an iron altar of Okawaru.
  9386 | D:9      | Found a hide-covered altar of Uskayaw.
  9599 | D:9      | Reached skill level 1 in Armour
  9735 | D:9      | Found a staircase to the Orcish Mines.
  9917 | D:9      | Reached skill level 10 in Dodging
  9922 | D:9      | Noticed a deep elf mage
  9926 | D:9      | Killed a deep elf mage
  9926 | D:9      | Reached *** piety under Vehumet
  9926 | D:9      | Reached skill level 11 in Spellcasting
  9949 | D:9      | Noticed Blork the orc
  9953 | D:9      | Killed Blork the orc
  9960 | D:9      | Found a deep blue altar of Sif Muna.
 10329 | D:10     | Entered Level 10 of the Dungeon
 10378 | D:10     | You fall through a shaft!
 10382 | D:11     | Noticed a seven-headed hydra
 10388 | D:11     | Killed a seven-headed hydra
 10427 | D:11     | Found a frozen archway.
 10432 | D:11     | Noticed an ice dragon
 10449 | D:11     | Gained mutation: Your muscles are strong. (Str +2) [potion of mutation]
 10449 | D:11     | Gained mutation: You have a somewhat thin skeletal structure. (Dex +2, Stealth) [potion of mutation]
 10449 | D:11     | Gained mutation: Your system is resistant to poisons. (rPois) [potion of mutation]
 10449 | D:11     | Gained mutation: Your natural rate of healing is unusually fast. [potion of mutation]
 10451 | D:11     | Killed from afar by an ice dragon

Vault maps used:
D:1:      dpeg_arrival_yet_another_circle
D:2:      serial_park_tiny_2
D:3:      grunt_dithmenos_smoke, serial_bayou_pond_a, xom_redecorated
D:4:      first_ration, kennysheep_generic_room_12, uniq_ijyb, uniq_sigmund,
          uniq_eustachio
D:5:      kennysheep_mini, serial_shops,
          nicolae_shop_temple_entry_statues_fountains, nicolae_shop_waterfront,
          shop, kennysheep_little_box, shop, st_stairs_11, grunt_ministairs_6,
          nicolae_ru_great_annihilating_truth, uniq_edmund, uniq_duvessa
D:6:      nicolae_overflow_crystal_walls, minmay_temple_entry_mist
D:7:      zin_statuary, lemuel_doored_altar, the_bakery,
          hangedman_abyss_or_decor_passed
D:8:      lemuel_bear_cage, lair_entry_dummy, basic_altar, uniq_pikel
D:9:      tgw_sif, nicolae_overflow_hidden_temple, roderic_serpentine_path
D:10:     minmay_sticks_and_stones
D:11:     lemuel_slime, portal_ice_cave_entry_animals_and_master,
          hangedman_misty_isle, uniq_snorg, uniq_urug
Lair:1:   infiniplex_staircase_pool_2, uniq_harold, uniq_joseph

Skill      XL: |  1  2  3  4  5  6  7  8  9 10 11 |
---------------+----------------------------------+-----
Dodging        | 3 4 5 6 8 9 10 | 10.4
Conjurations   | 2 3 4 5 7 8 9 |  9.4
Fighting       | 1 2 3 4 5 6 7 |  7.0
Spellcasting   | 4 5 6 7 9 10 11 | 11.4
Fire Magic     | 4 5 6 7 9 |  9.9
Armour         | 2 |  2.2
Stealth        | |  2.4

Action                   |  1- 3 |  4- 6 |  7- 9 | 10-12 || total
-------------------------+-------+-------+-------+-------++-------
Melee: Dagger            |     3 |       |       |    16 ||    19
 Fire: Hunting sling     |     3 |    18 |     5 |       ||    26
 Cast: Flame Tongue      |    73 |    57 |   181 |    72 ||   383
       Throw Flame       |    13 |    18 |    81 |    71 ||   183
       Conjure Flame     |     2 |     6 |    18 |    29 ||    55
       Sticky Flame      |       |       |     6 |    20 ||    26
       Inner Flame       |       |       |     4 |     5 ||     9
       Dazzling Spray    |       |       |       |     8 ||     8
       Slow              |       |       |       |     2 ||     2
       Fireball          |       |       |       |    13 ||    13
  Use: Scroll            |     3 |     6 |     7 |     5 ||    21
       Potion            |       |     4 |     3 |     6 ||    13
  Eat: Chunk             |     4 |     5 |    12 |     9 ||    30
Armor: Robe              |     6 |     2 |    20 |    18 ||    46
       Skin              |       |     2 |     7 |       ||     9
Dodge: Dodged            |    26 |    16 |    59 |    72 ||   173

Table legend:
 A = Spawn XP
 B = Non-spawn XP
 C = Spawn XP percentage of total XP
 D = Spawn monster count
 E = Non-spawn monster count
 F = Spawn count percentage of total count
 G = Total turns spent on level
                    A         B        C        D         E        F      G
               +---------+---------+-------+---------+---------+-------+---------
         Total |       0 |   19688 |   0.0 |       0 |     226 |   0.0 | 10451
               +---------+---------+-------+---------+---------+-------+---------
           D:1 |       0 |      54 |   0.0 |       0 |      29 |   0.0 |   995
           D:2 |       0 |      34 |   0.0 |       0 |      14 |   0.0 |  1037
           D:3 |       0 |      98 |   0.0 |       0 |      18 |   0.0 |   724
           D:4 |       0 |     777 |   0.0 |       0 |      18 |   0.0 |  1330
           D:5 |       0 |     968 |   0.0 |       0 |      30 |   0.0 |  1536
           D:6 |       0 |     561 |   0.0 |       0 |      18 |   0.0 |  1150
           D:7 |       0 |     508 |   0.0 |       0 |      11 |   0.0 |   703
           D:8 |       0 |    7756 |   0.0 |       0 |      47 |   0.0 |  1205
           D:9 |       0 |    2802 |   0.0 |       0 |      20 |   0.0 |  1101
          D:10 |       0 |    1233 |   0.0 |       0 |       6 |   0.0 |    49
          D:11 |       0 |    2090 |   0.0 |       0 |       6 |   0.0 |    73
        Lair:1 |       0 |    2807 |   0.0 |       0 |       9 |   0.0 |   548
               +---------+---------+-------+---------+---------+-------+---------
